 Dungeon Crawl Stone Soup version 0.23-a0-373-g305c090 (webtiles) character file.

18169 MisterFreud the Grappler (level 12, 0/104 HPs)
             Began as a Troll Monk on Oct 25, 2018.
             Was an Elder of Cheibriados.
             Slain by a hippogriff (2 damage)
             ... on level 1 of the Lair of Beasts.
             The game lasted 00:30:07 (10944 turns).

MisterFreud the Grappler (Troll Monk)              Turns: 10944, Time: 00:30:07

Health: 0/104      AC:  8    Str: 35    XL:     12   Next: 25%
Magic:  14/17      EV:  1    Int: 20    God:    Cheibriados [****..]
Gold:   1220       SH:  0    Dex: 27    Spells: 6/11 levels left

rFire    . . .     SeeInvis .     - Unarmed
rCold    . . .     Gourm    +   G - +18 shield of the Gong {rElec rN+ MR+ EV-5}
rNeg     + + +     Faith    .   n - +2 robe {rN+}
rPois    ∞         Spirit   .   (helmet restricted)
rElec    +         Reflect  +   y - +0 cloak
rCorr    .         Harm     .   (gloves unavailable)
MR       .....                  (boots unavailable)
Stlth    ++........             P - +4 amulet of reflection
HPRegen  0.67/turn              F - ring "Atup" {Wiz +Fly rElec MR- Str+3}
MPRegen  0.15/turn              L - +5 ring of dexterity

@: petrified, very slow
A: large, unfitting armour, claws 3, fast metabolism 3, gourmand, regeneration
1, shaggy fur 1, tough skin 2
a: Bend Time, Temporal Distortion, Slouch, Renounce Religion, Evoke Flight


You were on level 1 of the Lair of Beasts.
You worshipped Cheibriados.
Cheibriados was greatly pleased with you.
You were very full.

You visited 2 branches of the dungeon, and saw 14 of its levels.
You also visited: Sewer and Ossuary.

You collected 1220 gold pieces.

Inventory:

Missiles
 a - 337 stones
 h - 3 throwing nets (quivered)
 p - 6 javelins
 s - 17 tomahawks
 O - 4 large rocks
Armour
 n - a +2 robe of positive energy (worn)
 y - a +0 cloak (worn)
 G - the +18 shield of the Gong (worn) {rElec rN+ MR+ EV-5}
   (You found it on level 8 of the Dungeon)

   It affects your evasion (-5).
   It insulates you from electricity.
   It protects you from negative energy.
   It affects your resistance to hostile enchantments.
Jewellery
 o - an uncursed ring of positive energy
 B - the amulet "Unon" {Gourm rF+ Int+6 Stlth+}
   (You found it on level 7 of the Dungeon)

   [amulet of the gourmand]

   It allows you to eat raw meat even when not hungry.
   It affects your intelligence (+6).
   It protects you from fire.
   It makes you more stealthy.
 D - an uncursed ring of stealth
 F - the ring "Atup" (left claw) {Wiz +Fly rElec MR- Str+3}
   (You found it on level 10 of the Dungeon)

   [ring of wizardry]

   It improves your spell success rate.
   It affects your strength (+3).
   It insulates you from electricity.
   It affects your resistance to hostile enchantments.
   It lets you fly.
 L - a +5 ring of dexterity (right claw)
 P - a +4 amulet of reflection (around neck)
Wands
 i - a wand of flame (16)
 u - a wand of acid (13)
 C - a wand of disintegration (46)
 I - a wand of paralysis (2)
 Q - a wand of iceblast (10)
Scrolls
 e - 9 scrolls of remove curse
 g - 4 scrolls of fog
 l - 5 scrolls of enchant armour
 q - 4 scrolls of enchant weapon
 r - a scroll of amnesia {unknown}
 x - 3 scrolls of torment
 E - a scroll of teleportation
 H - a scroll of magic mapping
Potions
 c - 3 potions of might
 d - 4 potions of agility
 f - 3 potions of magic
 j - 3 potions of degeneration
 k - 2 potions of resistance
 m - a potion of invisibility {unknown}
 t - 2 potions of cancellation
 v - a potion of mutation
 w - 9 potions of curing
 z - 3 potions of brilliance
 A - 3 potions of flight
 K - 2 potions of lignification
 N - 2 potions of ambrosia
Miscellaneous
 J - a sack of spiders
Comestibles
 b - 28 rations
 M - 3 chunks of flesh


   Skills:
 - Level 2.4 Fighting
 - Level 8.1 Throwing
 - Level 6.1 Dodging
 - Level 1.0 Stealth
 - Level 9.0 Shields
 + Level 10.2 Unarmed Combat
 - Level 2.0 Translocations
 - Level 8.0 Invocations


You had 6 spell levels left.
You knew the following spells:

 Your Spells              Type           Power        Failure   Level  Hunger
a - Blink                 Tloc           N/A          5%          2    ###....
b - Ozocubu's Armour      Chrm/Ice       #.......     22%         3    ####...

Your spell library contained the following spells:

 Spells                   Type           Power        Failure   Level  Hunger
 Animate Skeleton         Necr           N/A          8%          1    ##.....
 Freeze                   Ice            #...         8%          1    ##.....
 Magic Dart               Conj           #...         8%          1    ##.....
 Pain                     Necr           #...         8%          1    ##.....
 Gell's Gravitas          Tloc           #.........   11%         3    ####...
 Call Imp                 Summ           #.......     12%         2    ###....
 Slow                     Hex            #.......     12%         2    ###....
 Throw Frost              Conj/Ice       #.....       12%         2    ###....
 Portal Projectile        Hex/Tloc       #.....       16%         3    ####...
 Recall                   Summ/Tloc      N/A          16%         3    ####...
 Conjure Flame            Conj/Fire      #.......     22%         3    ####...
 Mephitic Cloud           Conj/Pois/Air  #.......     22%         3    ####...
 Regeneration             Chrm/Necr      #.........   22%         3    ####...
 Vampiric Draining        Necr           #.........   22%         3    ####...
 Force Lance              Conj/Tloc      #.......     43%         4    #####..
 Animate Dead             Necr           N/A          56%         4    #####..
 Summon Ice Beast         Ice/Summ       #.......     56%         4    #####..
 Throw Icicle             Conj/Ice       #.......     56%         4    #####..
 Summon Forest            Summ/Tloc      #.........   77%         5    ######.
 Aura of Abjuration       Summ           #.........   88%         5    ######.
 Irradiate                Conj/Tmut      #.........   88%         5    ######.
 Summon Demon             Summ           #.........   88%         5    ######.
 Summon Mana Viper        Hex/Summ       #.......     88%         5    ######.
 Dispersal                Tloc           #.........   99%         6    #######
 Hydra Form               Tmut           #.........   100%        6    #######
 Shadow Creatures         Summ           N/A          100%        6    #######
 Statue Form              Tmut/Erth      #........    100%        6    #######
 Dragon Form              Tmut           #.........   100%        7    #######
 Controlled Blink         Tloc           N/A          100%        8    #######
 Disjunction              Tloc           #.........   100%        8    #######


Dungeon Overview and Level Annotations

Branches:
Dungeon (12/15)            Temple (0/1) D:5            Lair (2/6) D:8
    Orc (0/2) D:10
  Swamp: Lair:2-4    Shoals: Lair:2-4     Snake: Lair:2-4    Spider: Lair:2-4

Altars:
Cheibriados
Elyvilon
Fedhas
Makhleb
Okawaru
Sif Muna
Trog
Xom
Zin
Beogh

Shops:
D:4 :   D:9 [

Annotations:
D:12 MisterFreud's ghost, journeyman FeTm


Innate Abilities, Weirdness & Mutations

You are too large for most types of armour.
You have claws for hands.
Your metabolism is lightning-fast.
You like to eat raw meat.
Your natural rate of healing is unusually fast.
You are covered in fur. (AC +1)
You have very tough skin. (AC +2)


Message History

The black bear claws you but does no damage.
The black bear completely misses you.
The hippogriff bites you but does no damage.
The hippogriff pecks you but does no damage.
The hippogriff completely misses you.
The basilisk bites you but does no damage.
The black bear bites you but does no damage.
The black bear claws you but does no damage. x2
The hippogriff bites you.
The hippogriff pecks you but does no damage.
The hippogriff claws you. The basilisk bites you!
* * * LOW HITPOINT WARNING * * *
The black bear bites you. The black bear claws you.
* * * LOW HITPOINT WARNING * * *
The black bear claws you.
* * * LOW HITPOINT WARNING * * *
The hippogriff bites you.
* * * LOW HITPOINT WARNING * * *
The hippogriff pecks you.
You die...

..##.###.P..#.#..#
..#### ###...##..#
..#### #######.#
..##.######≈≈≈≈#.##
..........#≈≈≈≈#..#
..........'≈≈≈≈+.##
...####.###≈≈≈≈#.##
..## ### #≈≈≈≈#hP#
..# #######@## ..##
#......Hl#
..P#######.......##
..................#
..................#
.................##
.................P#
.................##
.................#


You could see a hippogriff, a basilisk and a black bear.

Vanquished Creatures
  Josephine (D:12)
  A hydra (Lair:2)
  2 two-headed ogres (D:11)
  An unseen horror (D:10)
  A cyclops (D:12)
  Joseph (D:8)
  2 elephants (Lair:2)
  2 gargoyles (D:11)
  3 spiny frogs (Lair:1)
  A komodo dragon (Lair:1)
  A kobold demonologist (D:12)
  A troll (D:10)
  Grinder (D:4)
  7 hippogriffs
  Sigmund (D:2)
  A shadow (D:10)
  4 wraiths (D:12)
  5 wyverns
  7 yaks
  2 basilisks
  A human (D:10)
  Menkaure (D:6)
  A hungry ghost (D:7)
  2 water moccasins (Lair:1)
  3 porcupines
  Duvessa (D:6)
  2 orc warriors
  An ice beast (D:7)
  A black bear (D:9)
  3 sky beasts
  A phantom (D:9)
  A centaur (D:10)
  5 ogres
  4 crocodiles
  Blork the orc (D:4)
  A big kobold (D:10)
  A gnoll sergeant (D:5)
  An elf zombie (Ossuary)
  9 bullfrogs
  Dowan (D:6)
  A scorpion (D:11)
  5 wights
  10 killer bees
  3 electric eels (Lair:2)
  4 howler monkeys
  2 bullfrog zombies
  7 crimson imps
  3 centaur zombies
  2 hounds
  A quasit (D:9)
  2 human zombies (Ossuary)
  2 bullfrog skeletons
  Crazy Yiuf (D:4)
  A centaur skeleton (D:10)
  9 orc priests
  2 jellies
  5 iguanas
  Jessica (D:2)
  Ijyb (D:5)
  10 orc wizards
  12 worker ants
  4 big kobold zombies (Ossuary)
  A hound zombie (D:10)
  2 mummies (Ossuary)
  Robin (D:2)
  7 gnolls
  12 adders
  A shadow imp (D:9)
  A white imp (D:11)
  An adder zombie (Ossuary)
  3 worms
  3 dart slugs
  11 leopard geckos
  28 orcs
  7 giant cockroaches
  17 goblins
  13 hobgoblins
  16 jackals
  20 kobolds
  A quokka (D:6)
  8 ball pythons
  9 bats
  10 frilled lizards
  2 goblin zombies (Ossuary)
  10 hobgoblin zombies (Ossuary)
  7 kobold zombies (Ossuary)
  9 orc zombies (Ossuary)
  7 rats
381 creatures vanquished.

Vanquished Creatures (others)
  A big kobold (D:11)
  2 fungi
  3 plants
6 creatures vanquished.

Grand Total: 387 creatures vanquished

Notes
Turn   | Place    | Note
-------+----------+-------------------------------------------
     0 | D:1      | MisterFreud the Troll Monk began the quest for the Orb.
     0 | D:1      | Reached XP level 1. HP: 22/22 MP: 0/0
   160 | D:1      | Reached XP level 2. HP: 29/29 MP: 1/1
   407 | D:1      | Reached skill level 4 in Unarmed Combat
   719 | D:2      | Reached XP level 3. HP: 36/36 MP: 2/2
   774 | D:2      | Noticed Jessica
   777 | D:2      | Killed Jessica
   800 | D:2      | Reached XP level 4. HP: 9/44 MP: 3/3
   803 | D:2      | Reached skill level 5 in Unarmed Combat
   932 | D:2      | Noticed Robin
   957 | D:2      | Killed Robin
  1145 | D:2      | Noticed Sigmund
  1158 | D:2      | Killed Sigmund
  1158 | D:2      | Reached skill level 6 in Unarmed Combat
  1158 | D:2      | Reached XP level 5. HP: 37/50 MP: 4/4
  1158 | D:2      | Reached XP level 6. HP: 44/59 MP: 5/5
  1359 | D:3      | Found an iron altar of Okawaru.
  1419 | D:3      | Found a blossoming altar of Fedhas.
  1561 | D:3      | Found a glowing drain.
  1577 | D:3      | Reached skill level 7 in Unarmed Combat
  1586 | Sewer    | Entered a sewer
  2222 | D:3      | Found a blossoming altar of Fedhas.
  3052 | D:4      | Noticed Blork the orc
  3061 | D:4      | Killed Blork the orc
  3061 | D:4      | Reached skill level 8 in Unarmed Combat
  3061 | D:4      | Reached XP level 7. HP: 51/66 MP: 6/6
  3093 | D:4      | Found Mafoid's Book Shop.
  3128 | D:4      | Noticed Grinder
  3133 | D:4      | Killed Grinder
  3186 | D:4      | Found a runed door.
  3532 | D:4      | Noticed Crazy Yiuf
  3535 | D:4      | Killed Crazy Yiuf
  3600 | D:5      | Entered Level 5 of the Dungeon
  3609 | D:5      | Found a white marble altar of Elyvilon.
  3903 | D:5      | Reached XP level 8. HP: 36/74 MP: 7/7
  4176 | D:5      | Found a staircase to the Ecumenical Temple.
  4248 | D:5      | Found a snail-covered altar of Cheibriados.
  4248 | D:5      | Noticed Ijyb
  4254 | D:5      | Killed Ijyb
  4261 | D:5      | Became a worshipper of Cheibriados the Contemplative
  4261 | D:5      | Reached * piety under Cheibriados
  4261 | D:5      | Reached ** piety under Cheibriados
  4310 | D:6      | Found a sand-covered staircase.
  4315 | Ossuary  | Entered an ossuary
  4352 | Ossuary  | Reached skill level 5 in Throwing
  4470 | Ossuary  | Reached *** piety under Cheibriados
  4587 | D:6      | Noticed Duvessa
  4600 | D:6      | Killed Duvessa
  4623 | D:6      | Noticed Dowan
  4641 | D:6      | Killed Dowan
  5326 | D:6      | Noticed Menkaure
  5332 | D:6      | Killed Menkaure
  5419 | D:7      | Reached skill level 5 in Dodging
  5488 | D:7      | Reached XP level 9. HP: 77/80 MP: 8/8
  5548 | D:7      | Got a coiled platinum amulet
  5600 | D:7      | Reached **** piety under Cheibriados
  5839 | D:7      | Found a deep blue altar of Sif Muna.
  6053 | D:8      | Found a glowing silver altar of Zin.
  6069 | D:8      | Noticed Joseph
  6075 | D:8      | Reached skill level 1 in Invocations
  6100 | D:8      | Killed Joseph
  6148 | D:8      | Reached skill level 5 in Invocations
  6184 | D:8      | Found a shimmering altar of Xom.
  6184 | D:8      | Found a bloodstained altar of Trog.
  6185 | D:8      | Identified the amulet "Unon" {Gourm rF+ Int+6 Stlth+} (You
                  | found it on level 7 of the Dungeon)
  6239 | D:8      | Reached ***** piety under Cheibriados
  6265 | D:8      | Found a burning altar of Makhleb.
  6313 | D:8      | Found a staircase to the Lair.
  6450 | D:8      | Found the +18 shield of the Gong {rElec rN+ MR+ EV-5}
  6734 | D:8      | Reached skill level 1 in Shields
  6734 | D:8      | Reached XP level 10. HP: 87/88 MP: 13/13
  6922 | D:9      | Reached skill level 9 in Unarmed Combat
  6983 | D:9      | Found Biph's Armour Shoppe.
  7400 | D:9      | Learned a level 2 spell: Blink
  7528 | D:10     | Entered Level 10 of the Dungeon
  7672 | D:10     | Reached skill level 1 in Translocations
  7961 | D:10     | Got a faintly glowing golden ring
  7962 | D:10     | Identified the ring "Atup" {Wiz +Fly rElec MR- Str+3} (You
                  | found it on level 10 of the Dungeon)
  8037 | D:10     | Found a staircase to the Orcish Mines.
  8093 | D:10     | Reached skill level 10 in Unarmed Combat
  8193 | D:10     | Killed an unseen horror
  8193 | D:10     | Reached skill level 5 in Shields
  8523 | D:11     | Noticed a gargoyle
  8530 | D:11     | Killed a gargoyle
  8655 | D:11     | Noticed a gargoyle
  8666 | D:11     | Killed a gargoyle
  8666 | D:11     | Reached XP level 11. HP: 49/94 MP: 14/14
  8743 | D:11     | Noticed a two-headed ogre
  8754 | D:11     | Killed a two-headed ogre
  8872 | D:11     | Noticed a two-headed ogre
  8879 | D:11     | Killed a two-headed ogre
  9384 | D:12     | Found a runed gate.
  9384 | D:12     | Found a runed gate.
  9384 | D:12     | Found a runed gate.
  9398 | D:12     | Noticed MisterFreud's ghost (journeyman FeTm)
  9416 | D:12     | Found a roughly hewn altar of Beogh.
  9473 | D:12     | Noticed Josephine
  9486 | D:12     | Killed Josephine
  9759 | Lair:1   | Entered Level 1 of the Lair of Beasts
  9791 | Lair:1   | Noticed a four-headed hydra
 10049 | Lair:1   | Reached XP level 12. HP: 104/104 MP: 15/15
 10059 | Lair:1   | Learned a level 3 spell: Ozocubu's Armour
 10624 | Lair:2   | Killed a seven-headed hydra
 10826 | Lair:2   | Noticed a death yak
 10943 | Lair:1   | HP: 5/104 [black bear (1)]
 10944 | Lair:1   | HP: 2/104 [hippogriff (2)]
 10944 | Lair:1   | Slain by a hippogriff

Vault maps used:
D:1:      eino_arrival_tree_alley
D:2:      uniq_sigmund, uniq_robin, uniq_jessica
D:3:      okawaru_trees_2, lemuel_coloured_pillars_altar, portal_sewer_entry_a,
          fedhas_altar_fruit_tree
D:4:      serial_shops, kennysheep_little_box, uniq_blork_the_orc,
          uniq_crazy_yiuf_cottage, uniq_grinder
D:5:      slow_altar_2, elyvilon_altar_4, minmay_temple_entry_fiery,
          first_ration, chequers_jeans, uniq_ijyb
D:6:      lightli_ossuary_entry_decrepit_ruins, minivault_22, uniq_menkaure,
          uniq_duvessa
D:7:      led_sif_pool
D:8:      makhleb_heckhound_becter, zin_treasury,
          gammafunk_temple_overflow_wave, lair_entry_dummy, uniq_joseph
D:9:      corexii_shack_village, serial_shops, nicolae_shop_stone
D:10:     orc_0_dummy, grunt_pizzeria
D:11:     skrybe_limestone_x, minmay_fire_ice_demons
D:12:     lemuel_ice_spiral_2, biasface_ghost_orc_armoury, grunt_tough_drop,
          uniq_josephine
Lair:1:   chequers_serial_rivers_room_b
Lair:2:   serial_bayou, serial_bayou_crossing, serial_bayou_shore_b,
          serial_bayou_ford_a, serial_bayou_shore_a,
          infiniplex_staircase_pool_2, minmay_lair_oklob_chamber,
          grunt_megastairs_1
Sewer:    sewer_frog_island_01
Ossuary:  ossuary_tomb_1

Skill      XL: |  1  2  3  4  5  6  7  8  9 10 11 12 |
---------------+-------------------------------------+-----
Unarmed Combat | 4 6 8 10 | 10.2
Throwing       | 4 6 8 |  8.1
Dodging        | 5 6 |  6.1
Invocations    | 6 8 |  8.0
Shields        | 1 6 9 |  9.0
Translocations | 2 |  2.0
Fighting       | |  2.4
Stealth        | |  1.0

Action                   |  1- 3 |  4- 6 |  7- 9 | 10-12 || total
-------------------------+-------+-------+-------+-------++-------
Melee: Unarmed           |    74 |   189 |   378 |   397 ||  1038
       Punch             |       |     2 |    20 |    20 ||    42
Invok: Slouch            |       |       |       |    10 ||    10
Evoke: Wand              |       |     4 |       |    12 ||    16
  Use: Scroll            |       |     9 |    15 |     8 ||    32
       Potion            |       |       |     3 |     2 ||     5
 Stab: Sleeping          |     2 |     1 |     4 |     9 ||    16
       Distracted        |       |       |     1 |     1 ||     2
  Eat: Chunk             |    13 |    20 |    31 |    29 ||    93
Armor: Robe              |    19 |    70 |   105 |   132 ||   326
Dodge: Dodged            |    28 |    82 |   217 |   225 ||   552
Block: Shield            |       |       |       |   200 ||   200

Table legend:
 A = Non-vault XP
 B = Vault XP
 C = Vault XP percentage of total XP
 D = Non-vault monster count
 E = Vault monster count
 F = Vault count percentage of total count
                 A         B        C        D         E       F
            +---------+---------+-------+---------+---------+-------
      Total |   21249 |    4707 |  18.1 |     280 |     102 |  26.7
            +---------+---------+-------+---------+---------+-------
        D:1 |      40 |       0 |   0.0 |      21 |       0 |   0.0
        D:2 |      56 |     312 |  84.8 |      22 |      14 |  38.9
        D:3 |      38 |       6 |  13.6 |      17 |       4 |  19.0
        D:4 |     224 |     408 |  64.6 |      11 |       3 |  21.4
        D:5 |     293 |      41 |  12.3 |      11 |       2 |  15.4
        D:6 |     184 |     399 |  68.4 |       6 |       3 |  33.3
        D:7 |     761 |       0 |   0.0 |      20 |       0 |   0.0
        D:8 |    1737 |     547 |  23.9 |      43 |       2 |   4.4
        D:9 |    1029 |      14 |   1.3 |      24 |       7 |  22.6
       D:10 |    3194 |     192 |   5.7 |      28 |       1 |   3.4
       D:11 |    4327 |      58 |   1.3 |      31 |       2 |   6.1
       D:12 |    2529 |    2075 |  45.1 |      17 |       7 |  29.2
     Lair:1 |    3995 |       0 |   0.0 |      19 |       0 |   0.0
     Lair:2 |    2842 |     137 |   4.6 |      10 |       1 |   9.1
      Sewer |       0 |     123 | 100.0 |       0 |      17 | 100.0
    Ossuary |       0 |     395 | 100.0 |       0 |      39 | 100.0
            +---------+---------+-------+---------+---------+-------
